 Dungeon Crawl Stone Soup version 0.29-a0-819-g94b489e0ae (webtiles) character file.

Game seed: 4279494067465944248

168 Morbidden the Conjurer (level 5, 0/33 HPs)
             Began as an Octopode Conjurer on July 6, 2022.
             Was an Initiate of Cheibriados.
             Slain by an ice beast (14 damage)
             ... on level 3 of the Dungeon.
             The game lasted 00:02:46 (3360 turns).

Morbidden the Conjurer (Octopode Conjurer)          Turns: 3360, Time: 00:02:47

Health: 0/33       AC:  1    Str:  7    XL:     5   Next: 48%
Magic:  6/9        EV: 14    Int: 23    God:    Cheibriados [......]
Gold:   151        SH:  0    Dex: 18    Spells: 6/9 levels left

rFire   . . .      SeeInvis .   b - +1 dagger (venom)
rCold   . . .      Faith    .   (no shield)
rNeg    . . .      Spirit   .   k - +0 hat
rPois   .          Reflect  .   (no amulet)
rElec   .          Harm     .   q - +6 ring of dexterity
rCorr   .          Rampage  .   (no ring)
Will    .....                   (no ring)
Stlth   ++++......              (no ring)
HPRegen 0.11/turn               (no ring)
MPRegen 0.11/turn               (no ring)
                                (no ring)
                                (no ring)

@: very slightly contaminated, very slow
A: almost no armour, amphibious, 8 rings, camouflage 1, gelatinous body 1,
(nimble swimmer 1), tentacles
a: Renounce Religion


You were on level 3 of the Dungeon.
You worshipped Cheibriados.
Cheibriados was noncommittal.
You visited 1 branch of the dungeon, and saw 3 of its levels.

You collected 151 gold pieces.

Inventory:

Hand Weapons
 a - a +0 short sword of venom
 b - a +1 dagger of venom (weapon)
Missiles
 d - 10 poisoned darts (quivered)
Armour
 k - a +0 hat (worn)
Jewellery
 q - a +6 ring of dexterity (left tentacle)
Wands
 m - a wand of paralysis (1)
Scrolls
 e - a scroll of teleportation {unknown}
 f - 6 scrolls of identify {unknown}
 g - a scroll of enchant weapon {unknown}
 i - a scroll of fear {unknown}
 j - a scroll of enchant armour {unknown}
 n - a scroll of magic mapping {unknown}
 p - a scroll of blinking {unknown}
 r - 3 scrolls of torment {unknown}
Potions
 c - a potion of mutation {unknown}
 h - 2 potions of attraction {unknown}
 l - a potion of flight {unknown}
 o - a potion of curing {unknown}
 s - a potion of berserk rage {unknown}
 A - a potion of magic


   Skills:
 * Level 1.3 Fighting
 * Level 1.1 Short Blades
 * Level 2.6 Dodging
 + Level 3.4 Stealth
 + Level 0.3 Unarmed Combat
 * Level 2.7 Spellcasting
 * Level 4.9 Conjurations
 * Level 1.1 Invocations


You had 6 spell levels left.
You knew the following spells:

 Your Spells              Type           Power      Damage    Failure   Level
a - Magic Dart            Conj           100%       1d8       1%          1
b - Searing Ray           Conj           50%        2d6       2%          2

Your spell library contained the following spells:

 Spells                   Type           Power      Damage    Failure   Level
 Necrotise                Necr           12%        1d4       12%         1
 Dazzling Flash           Conj/Hex       28%        N/A       13%         3
 Vampiric Draining        Necr           3%         2d6       34%         3
 Fulminant Prism          Conj/Hex       7%         3d7       41%         4
 Iskenderun's Mystic Bla  Conj/Tloc      14%        2d5       41%         4
 Animate Dead             Necr           3%         N/A       75%         4
 Agony                    Necr           3%         N/A       97%         5
 Alistair's Intoxication  Tmut/Pois      2%         N/A       97%         5
 Borgnjor's Vile Clutch   Necr/Erth      1%         N/A       97%         5
 Death Channel            Necr           1%         N/A       100%        6
 Eringya's Noxious Bog    Tmut/Pois      1%         N/A       100%        6


Dungeon Overview and Level Annotations

Branches:
Dungeon (3/15)

Altars:
Cheibriados
Fedhas


Innate Abilities, Weirdness & Mutations

You cannot wear most types of armour.
You are amphibious.
You can wear up to eight rings at the same time.
Your skin changes colour to match your surroundings (Stealth+).
Your rubbery body absorbs attacks. (AC +1, EV +1)
((You are camouflaged when in or above water. (Stealth+)))
You have tentacles for arms and can constrict up to eight enemies at once.


Message History

An ice beast comes into view.
Found a viscous emerald potion.
An ice beast is nearby!
An ice beast is nearby!
An ice beast is nearby!
An ice beast is nearby!
Unknown command.
A bat comes into view.
Casting: Magic Dart (safe; 1% risk of failure)
Confirm with . or Enter, or press ? or * to list all spells.
Aiming: Searing Ray (safe; 2% risk of failure)
Press: ? - help, Shift-Dir - straight line, f - bat
Aim: a bat (69% to hit)
The searing ray hits the bat!
You kill the bat!
Cheibriados thoroughly appreciates the change of pace. (Press . to maintain the ray.) Unknown command.
Throw: 11 darts (poison)
Press: ? - help, Q - select action, (/) - cycle Shift-Dir - straight line, f - ice beast
Aim: an ice beast (asleep, 98% to hit)
You throw a poisoned dart. The poisoned dart hits the ice beast.
Unknown command.
Casting: Searing Ray (safe; 2% risk of failure)
Confirm with . or Enter, or press ? or * to list all spells.
You can't see any susceptible monsters within range! (Use Z to cast anyway.) Unknown command.
Unknown command.
Unknown command.
Casting: Searing Ray (safe; 2% risk of failure)
Confirm with . or Enter, or press ? or * to list all spells.
Aiming: Searing Ray (safe; 2% risk of failure)
Press: ? - help, Shift-Dir - straight line, f/p - ice beast
Aim: an ice beast (79% to hit)
You miscast Searing Ray.
You are very lightly contaminated with residual magic.
Nothing appears to happen.
The ice beast hits you. The ice beast freezes you!
Unknown command.
The ice beast hits you. The ice beast freezes you!
You die...

##########
#..........
#........#
#..........
#........##
#........(.
..........##
#..###.####
...........#
#......#
.._......#.##
##.#####
......####..# #.#
.#....# ##.# #Y#
.##...# #.# #@#
.##...# #.# #.#
.##...# #.## #.#
.##...# #.)# #.#
###..#######.# #.#
...........#.# #.#
..........##.# #.#
≈≈........##.###.#
..≈.......##..##)#


You could see an ice beast.

Vanquished Creatures
  An ogre (D:3)
  2 adders (D:3)
  A worm (D:2)
  4 dart slugs
  An orc (D:3)
  5 ball pythons
  2 endoplasms (D:1)
  3 giant cockroaches
  11 goblins
  4 hobgoblins
  6 kobolds
  2 quokkas
  7 bats
  2 frilled lizards
  5 rats (D:1)
56 creatures vanquished.

Notes
Turn   | Place    | Note
-------+----------+-------------------------------------------
     0 | D:1      | Morbidden the Octopode Conjurer began the quest for the
                  | Orb.
     0 | D:1      | Reached XP level 1. HP: 11/11 MP: 3/3
   183 | D:1      | Reached XP level 2. HP: 10/17 MP: 5/5
  1213 | D:1      | Reached XP level 3. HP: 16/21 MP: 6/6
  1356 | D:1      | Learned a level 2 spell: Searing Ray
  1786 | D:2      | Found a blossoming altar of Fedhas.
  2003 | D:2      | Reached skill level 1 in Fighting
  2731 | D:3      | Found a snail-covered altar of Cheibriados.
  2744 | D:3      | Reached XP level 4. HP: 28/28 MP: 4/7
  2751 | D:3      | Became a worshipper of Cheibriados the Contemplative
  2900 | D:3      | Noticed an ogre
  2913 | D:3      | Killed an ogre
  2914 | D:3      | Reached skill level 1 in Short Blades
  2914 | D:3      | Reached XP level 5. HP: 33/33 MP: 3/9
  3142 | D:3      | Reached skill level 1 in Invocations
  3349 | D:3      | Noticed an ice beast
  3360 | D:3      | Slain by an ice beast

Illustrated notes

Levels and vault maps discovered:
D:1:      dpeg_arrival_simpleton_b, layout_loops_ring
D:2:      layout_basic, basic_altar, minmay_goblin_kobold_house
D:3:      cheibrodos_helix_gallery, layout_basic, lemuel_tele_altar,
          cheibriados_altar_1

Skill      XL: |  1  2  3  4  5 |
---------------+----------------+-----
Fighting       | 1 |  1.3
Stealth        | 3 |  3.4
Short Blades   | 1 |  1.1
Invocations    | 1 |  1.1
Dodging        | |  2.6
Unarmed Combat | |  0.3
Spellcasting   | |  2.7
Conjurations   | |  4.9

Action                   |  1- 3 |  4- 6 || total
-------------------------+-------+-------++-------
Melee: Unarmed           |    22 |       ||    22
       Constrict         |    17 |     3 ||    20
       Tentacles         |    11 |     5 ||    16
       Short sword       |     6 |       ||     6
       Dagger            |    26 |    14 ||    40
Throw: Dart              |       |     1 ||     1
 Cast: Magic Dart        |    39 |     4 ||    43
       Searing Ray       |     2 |     2 ||     4
 Stab: Sleeping          |     4 |     2 ||     6
Armor: Skin              |     7 |       ||     7
Dodge: Dodged            |    40 |     7 ||    47

Table legend: (Time is in decaauts)
 A = Elapsed time spent in this place.
 B = Non-inter-level travel time spent in this place.
 C = Inter-level travel time spent in this place.
 D = Time resting spent in this place.
 E = Time spent auto-exploring this place.
 F = Levels seen in this place.
 G = Mean time per level.
                   A        B        C        D        E       F      G
               +--------+--------+--------+--------+--------+-----+--------+
         Total |   3452 |   3360 |     92 |    319 |   2687 |   3 | 1150.7 |
       Dungeon |   3452 |   3360 |     92 |    319 |   2687 |   3 | 1150.7 |
               +--------+--------+--------+--------+--------+-----+--------+

Top non-repeatable levels by time:
     D:1: 1589 daAuts
     D:2: 1140 daAuts
     D:3: 722 daAuts
